SL
THUNDER BAY NORTHERN LIONS BC @ D.C. DIVIDED
09/14/2042
 
TOP OF THE 1ST
Thunder Bay Northern Lions BC batting - Pitching for D.C. Divided : RHP César Sandoval
Pitching: RHP César Sandoval
Batting: LHB Ramón Padilla 0-0: Called Strike
0-1: Ground out 5-3 (Groundball, 5, EV 86.9 MPH)
Batting: RHB Griffin Woodfinlevine 0-0: Called Strike
0-1: Ball
1-1: DOUBLE (Line Drive, 89M, EV 106.2 MPH)
Batting: LHB Keaton Kringlen 0-0: Foul Ball, location: 2F
0-1: Ball
1-1: Ball
2-1: Foul Ball, location: 2F
2-2: DOUBLE (Flyball, 78XD, EV 113.8 MPH)
Griffin Woodfinlevine scores
Batting: LHB Sébastien Cornu 0-0: Ball
1-0: Ball
2-0: Called Strike
2-1: Ground out 4-3 (Groundball, 34, EV 93.1 MPH)
Keaton Kringlen to third
Batting: RHB Curf Pierstisnips 0-0: Fly out, F2 (Popup, 15S, EV 87.5 MPH)
Top of the 1st over - 1 run, 2 hits, 0 errors, 1 left on base; Thunder Bay 1 - D.C. 0
BOTTOM OF THE 1ST
D.C. Divided batting - Pitching for Thunder Bay Northern Lions BC : RHP David Schrattenthaler
Pitching: RHP David Schrattenthaler
Batting: RHB Kimi Okubo 0-0: Ball
1-0: Foul Ball, location: 2F
1-1: Ball
2-1: Swinging Strike
2-2: Ball
3-2: Strikes out swinging
Batting: RHB Peni Ferede 0-0: Ball
1-0: Called Strike
1-1: Foul Ball, location: 2F
1-2: Ball
2-2: Ground out U3 (Groundball, 3S, EV 78.8 MPH)
Batting: RHB Francisco Alhama 0-0: Ball
1-0: Ball
2-0: Called Strike
2-1: Swinging Strike
2-2: Fly out, F9 (Flyball, 9S, EV 88.8 MPH)
Bottom of the 1st over - 0 runs, 0 hits, 0 errors, 0 left on base; Thunder Bay 1 - D.C. 0
TOP OF THE 2ND
Thunder Bay Northern Lions BC batting - Pitching for D.C. Divided : RHP César Sandoval
Batting: LHB Yao-pang Chiang 0-0: Called Strike
0-1: Ball
1-1: Foul Ball, location: 2F
1-2: SOLO HOME RUN (Flyball, 9D, EV 99.4 MPH), Distance : 376 ft
Batting: RHB Frank Tatum 0-0: Foul Ball, location: 2F
0-1: Ball
1-1: Called Strike
1-2: Fly out, F7 (Flyball, 78S, EV 91.2 MPH)
Batting: LHB Barry Flauker 0-0: Called Strike
0-1: Ball
1-1: Fly out, F8 (Flyball, 8LM, EV 81.9 MPH)
Batting: RHB Charles Josse 0-0: Swinging Strike
0-1: Called Strike
0-2: Strikes out swinging
Top of the 2nd over - 1 run, 1 hit, 0 errors, 0 left on base; Thunder Bay 2 - D.C. 0
BOTTOM OF THE 2ND
D.C. Divided batting - Pitching for Thunder Bay Northern Lions BC : RHP David Schrattenthaler
Batting: LHB Buddy Patton 0-0: Swinging Strike
0-1: Ball
1-1: Called Strike
1-2: Strikes out looking
Batting: SHB Billy Dotson 0-0: Ball
1-0: Foul Ball, location: 2F
1-1: Ground out U3 (Groundball, 3, EV 103.1 MPH)
Batting: LHB Bill Butler 0-0: Called Strike
0-1: Ball
1-1: Ball
2-1: Swinging Strike
2-2: Ball
3-2: Base on Balls
Batting: RHB Layton Arntsen 0-0: Ball
1-0: Ball
2-0: Foul Ball, location: 2F
2-1: Foul Ball, location: 2F
2-2: Ball
3-2: Base on Balls
Bill Butler to second
Batting: RHB Martín Chávez 0-0: Ball
1-0: Ball
2-0: DOUBLE (Line Drive, 8RXD, EV 103.8 MPH)
Bill Butler scores
Layton Arntsen to third
Batting: LHB Jaako Haavisto 0-0: Foul Ball, location: 2F
0-1: Ball
1-1: Ball
2-1: Swinging Strike
2-2: SINGLE (Groundball, 4D, EV 106.9 MPH)
Layton Arntsen scores
Martín Chávez to third
Runner from 3rd tries for Home, SAFE, no throw by RF
Batting: RHB Kimi Okubo 0-0: Called Strike
Jaako Haavisto is caught stealing 2nd base 2-4
Bottom of the 2nd over - 3 runs, 2 hits, 0 errors, 0 left on base; Thunder Bay 2 - D.C. 3
TOP OF THE 3RD
Thunder Bay Northern Lions BC batting - Pitching for D.C. Divided : RHP César Sandoval
Batting: LHB Ramón Padilla 0-0: Called Strike
0-1: Bunted foul
0-2: SINGLE (Groundball, 13S, EV 61.9 MPH) (infield hit)
Batting: RHB Griffin Woodfinlevine 0-0: Ball
1-0: Called Strike
1-1: Ball
2-1: SINGLE (Groundball, 6MD, EV 102.5 MPH)
Ramón Padilla to second
Runner from 2nd tries for 3rd, SAFE, throw by CF made to third
Batting: LHB Keaton Kringlen 0-0: Ball
1-0: Fly out, F7 (Flyball, 7, EV 94.4 MPH)
Batting: LHB Sébastien Cornu 0-0: Ball
1-0: Ball
2-0: 3-RUN HOME RUN (Flyball, 89XD, EV 90.6 MPH), Distance : 433 ft
Batting: RHB Curf Pierstisnips 0-0: Ground out 3-1 (Groundball, 34, EV 103.8 MPH)
Batting: LHB Yao-pang Chiang 0-0: Foul Ball, location: 2F
0-1: Swinging Strike
0-2: Foul Ball, location: 2F
0-2: Foul Ball, location: 2F
0-2: Strikes out swinging
Top of the 3rd over - 3 runs, 3 hits, 0 errors, 0 left on base; Thunder Bay 5 - D.C. 3
BOTTOM OF THE 3RD
D.C. Divided batting - Pitching for Thunder Bay Northern Lions BC : RHP David Schrattenthaler
Batting: RHB Kimi Okubo 0-0: Foul Ball, location: 2F
0-1: Ball
1-1: Ground out 6-3 (Groundball, 6, EV 83.1 MPH)
Batting: RHB Peni Ferede 0-0: Ball
1-0: Ground out 6-3 (Groundball, 6, EV 104.4 MPH)
Batting: RHB Francisco Alhama 0-0: Fly out, F9 (Flyball, 9LMF, EV 105.0 MPH)
Bottom of the 3rd over - 0 runs, 0 hits, 0 errors, 0 left on base; Thunder Bay 5 - D.C. 3
TOP OF THE 4TH
Thunder Bay Northern Lions BC batting - Pitching for D.C. Divided : RHP César Sandoval
Batting: RHB Frank Tatum 0-0: Swinging Strike
0-1: Foul Ball, location: 2F
0-2: Foul Ball, location: 2F
0-2: Strikes out looking
Batting: LHB Barry Flauker 0-0: Swinging Strike
0-1: Ball
1-1: Swinging Strike
1-2: Ball
2-2: Strikes out swinging
Batting: RHB Charles Josse 0-0: Called Strike
0-1: Called Strike
0-2: Ball
1-2: Foul Ball, location: 2F
1-2: Strikes out swinging
Top of the 4th over - 0 runs, 0 hits, 0 errors, 0 left on base; Thunder Bay 5 - D.C. 3
BOTTOM OF THE 4TH
D.C. Divided batting - Pitching for Thunder Bay Northern Lions BC : RHP David Schrattenthaler
Batting: LHB Buddy Patton 0-0: Ball
1-0: Called Strike
1-1: Ball
2-1: Ball
3-1: Foul Ball, location: 2F
3-2: SINGLE (Flyball, 78M, EV 91.9 MPH)
Batting: SHB Billy Dotson 0-0: Ball
1-0: Ball
2-0: Ball
3-0: Base on Balls
Buddy Patton to second
Batting: LHB Bill Butler 0-0: Called Strike
0-1: Foul Ball, location: 2F
0-2: Foul Ball, location: 2F
0-2: Strikes out swinging
Batting: RHB Layton Arntsen 0-0: Ground out 6-3 (Groundball, 6S, EV 65.6 MPH)
Buddy Patton to third
Billy Dotson to second
Batting: RHB Martín Chávez 0-0: Foul Ball, location: 2F
0-1: Foul Ball, location: 2F
0-2: Strikes out swinging
Bottom of the 4th over - 0 runs, 1 hit, 0 errors, 2 left on base; Thunder Bay 5 - D.C. 3
TOP OF THE 5TH
Thunder Bay Northern Lions BC batting - Pitching for D.C. Divided : RHP César Sandoval
Pitching: LHP Henry Davis
Batting: LHB Ramón Padilla 0-0: Ground out 4-3 (Groundball, 4, EV 100.6 MPH)
Batting: RHB Griffin Woodfinlevine 0-0: SINGLE (Groundball, 4MD, EV 98.8 MPH)
Batting: LHB Keaton Kringlen 0-0: Called Strike
0-1: Foul Ball, location: 2F
0-2: Ball
1-2: Fielders Choice at 2nd, 3-6 (Groundball, 34, EV 82.5 MPH)
Batting: LHB Sébastien Cornu 0-0: Ball
1-0: SINGLE (Line Drive, 78S, EV 94.4 MPH)
Keaton Kringlen to second
Batting: RHB Curf Pierstisnips 0-0: Called Strike
0-1: Ball
1-1: Ball
2-1: Ground out 1-3 (Groundball, 34S, EV 83.1 MPH)
Top of the 5th over - 0 runs, 2 hits, 0 errors, 2 left on base; Thunder Bay 5 - D.C. 3
BOTTOM OF THE 5TH
D.C. Divided batting - Pitching for Thunder Bay Northern Lions BC : RHP David Schrattenthaler
Batting: LHB Jaako Haavisto 0-0: Ball
1-0: Bunt for hit to P - play at first, batter OUT! 1-3
Batting: RHB Kimi Okubo 0-0: Called Strike
0-1: Ball
1-1: Ball
2-1: Swinging Strike
2-2: Ball
3-2: Ground out 5-3 (Groundball, 56S, EV 65.6 MPH)
Batting: RHB Peni Ferede 0-0: Called Strike
0-1: Called Strike
0-2: Ball
1-2: Ground out 6-3 (Groundball, 4M, EV 106.2 MPH)
Bottom of the 5th over - 0 runs, 0 hits, 0 errors, 0 left on base; Thunder Bay 5 - D.C. 3
TOP OF THE 6TH
Thunder Bay Northern Lions BC batting - Pitching for D.C. Divided : LHP Henry Davis
Batting: LHB Yao-pang Chiang 0-0: Foul Ball, location: 2F
0-1: Fly out, F7 (Flyball, 78D, EV 102.5 MPH)
Batting: RHB Frank Tatum 0-0: Foul Ball, location: 2F
0-1: Ball
1-1: Swinging Strike
1-2: Strikes out swinging
Batting: LHB Barry Flauker 0-0: Ball
1-0: Ball
2-0: Fly out, F9 (Flyball, 9S, EV 74.4 MPH)
Top of the 6th over - 0 runs, 0 hits, 0 errors, 0 left on base; Thunder Bay 5 - D.C. 3
BOTTOM OF THE 6TH
D.C. Divided batting - Pitching for Thunder Bay Northern Lions BC : RHP David Schrattenthaler
Batting: RHB Francisco Alhama 0-0: Ground out 5-3 (Groundball, 56, EV 111.2 MPH)
Batting: LHB Buddy Patton 0-0: Swinging Strike
0-1: Ball
1-1: Called Strike
1-2: Foul Ball, location: 2F
1-2: Ground out 4-3 (Groundball, 34, EV 103.1 MPH)
Batting: SHB Billy Dotson 0-0: Called Strike
0-1: Fly out, F6 (Popup, 6D, EV 53.8 MPH)
Bottom of the 6th over - 0 runs, 0 hits, 0 errors, 0 left on base; Thunder Bay 5 - D.C. 3
TOP OF THE 7TH
Thunder Bay Northern Lions BC batting - Pitching for D.C. Divided : LHP Henry Davis
Batting: RHB Charles Josse 0-0: Ball
1-0: Ground out 5-3 (Groundball, 56, EV 82.5 MPH)
Batting: LHB Ramón Padilla 0-0: Foul Ball, location: 2F
0-1: SINGLE (Groundball, 4MD, EV 98.8 MPH)
Batting: RHB Griffin Woodfinlevine 0-0: Ball
1-0: Grounds into double play, 4-6-3 (Groundball, 4D, EV 80.6 MPH)
Top of the 7th over - 0 runs, 1 hit, 0 errors, 0 left on base; Thunder Bay 5 - D.C. 3
BOTTOM OF THE 7TH
D.C. Divided batting - Pitching for Thunder Bay Northern Lions BC : RHP David Schrattenthaler
Batting: LHB Bill Butler 0-0: Called Strike
0-1: Swinging Strike
0-2: Ball
1-2: Strikes out swinging
Batting: RHB Layton Arntsen 0-0: Ball
1-0: Ball
2-0: Ground out 1-3 (Groundball, 13, EV 73.8 MPH)
Batting: RHB Martín Chávez 0-0: Ball
1-0: Ball
2-0: Called Strike
2-1: Foul Ball, location: 2F
2-2: Strikes out looking
Bottom of the 7th over - 0 runs, 0 hits, 0 errors, 0 left on base; Thunder Bay 5 - D.C. 3
TOP OF THE 8TH
Thunder Bay Northern Lions BC batting - Pitching for D.C. Divided : LHP Henry Davis
Batting: LHB Keaton Kringlen 0-0: Fly out, F9 (Line Drive, 9, EV 102.5 MPH)
Batting: LHB Sébastien Cornu 0-0: Called Strike
0-1: Called Strike
0-2: Ball
1-2: Foul Ball, location: 2F
1-2: Ground out 4-3 (Groundball, 4, EV 83.8 MPH)
Batting: RHB Curf Pierstisnips 0-0: Fly out, F8 (Flyball, 8LS, EV 84.4 MPH)
Top of the 8th over - 0 runs, 0 hits, 0 errors, 0 left on base; Thunder Bay 5 - D.C. 3
BOTTOM OF THE 8TH
D.C. Divided batting - Pitching for Thunder Bay Northern Lions BC : RHP David Schrattenthaler
Batting: LHB Jaako Haavisto 0-0: Ball
1-0: Foul Ball, location: 2F
1-1: Foul Ball, location: 2F
1-2: Ball
2-2: Ball
3-2: Fly out, F7 (Line Drive, 7, EV 86.2 MPH)
Batting: RHB Kimi Okubo 0-0: Ball
1-0: Called Strike
1-1: Called Strike
1-2: Ball
2-2: Ball
3-2: Ground out 6-3 (Groundball, 6, EV 90.0 MPH)
Batting: RHB Peni Ferede 0-0: Ball
1-0: DOUBLE (Line Drive, 5D, EV 100.0 MPH)
Pitching: RHP Jorge Souza
Batting: RHB Francisco Alhama 0-0: Ball
1-0: Ball
2-0: DOUBLE (Groundball, 5L, EV 95.0 MPH)
Peni Ferede scores
Batting: LHB Buddy Patton 0-0: Ball
1-0: Called Strike
1-1: Called Strike
1-2: Strikes out swinging
Bottom of the 8th over - 1 run, 2 hits, 0 errors, 1 left on base; Thunder Bay 5 - D.C. 4
TOP OF THE 9TH
Thunder Bay Northern Lions BC batting - Pitching for D.C. Divided : LHP Henry Davis
Batting: LHB Yao-pang Chiang 0-0: Ball
1-0: Foul Ball, location: 2F
1-1: Foul Ball, location: 2F
1-2: Ball
2-2: Fly out, F3 (Popup, 3F, EV 64.4 MPH)
Batting: RHB Frank Tatum 0-0: Called Strike
0-1: Fly out, F3 (Line Drive, 3, EV 73.1 MPH)
Batting: LHB Barry Flauker 0-0: Called Strike
0-1: Ball
1-1: Swinging Strike
1-2: Ball
2-2: Ground out 6-3 (Groundball, 6, EV 110.0 MPH)
Top of the 9th over - 0 runs, 0 hits, 0 errors, 0 left on base; Thunder Bay 5 - D.C. 4
BOTTOM OF THE 9TH
D.C. Divided batting - Pitching for Thunder Bay Northern Lions BC : RHP Jorge Souza
Batting: SHB Billy Dotson 0-0: Ground out 5-3 (Groundball, 5L, EV 104.4 MPH)
Batting: LHB Bill Butler 0-0: Foul Ball, location: 2F
0-1: Called Strike
0-2: Ball
1-2: Ball
2-2: Foul Ball, location: 2F
2-2: Ball
3-2: DOUBLE (Line Drive, 9LS, EV 102.5 MPH)
Batting: RHB Layton Arntsen 0-0: Called Strike
0-1: SINGLE (Groundball, 6, EV 93.8 MPH) (infield hit)
Bill Butler to third
Batting: RHB Martín Chávez 0-0: Ball
1-0: Grounds into double play, 4-6-3 (Groundball, 4, EV 100.6 MPH)
Bottom of the 9th over - 0 runs, 2 hits, 0 errors, 1 left on base; Thunder Bay 5 - D.C. 4
Friday, March 26th, 2021 - OOTP Baseball 20.8 Build 74